 Dungeon Crawl Stone Soup version 0.15.2 (webtiles) character file.

58 Goblin1989 the Cudgeler (level 3, -1/31 HPs)
             Began as a Minotaur Fighter on Feb 17, 2017.
             Slain by a gnoll
             ... wielding a cursed -1 flail
              (2 damage)
             ... on Level 3 of the Dungeon on May 25, 2017.
             The game lasted 00:05:37 (1583 turns).

Goblin1989 the Cudgeler (Minotaur Fighter)          Turns: 1583, Time: 00:05:37

HP  -1/31        AC  8     Str 21      XL: 3   Next: 76%
MP   2/2         EV  6     Int  5      God:
Gold 120         SH  9     Dex  9      Spells:  0 memorised,  2 levels left

rFire  . . .     SeeInvis .     a - +0 flail
rCold  . . .     Clarity  .     b - +0 scale mail
rNeg   . . .     rCorr    .     c - +0 shield
rPois  .         rRot     .     (helmet restricted)
rElec  .         Spirit   .     o - +0 cloak
SustAb .         Warding  .     (no gloves)
rMut   .         Stasis   .     (no boots)
Gourm  .                        (no amulet)
MR     .....                    (no ring)
                                (no ring)

@: not resistant to hostile enchantments, extremely unstealthy
A: retaliatory headbutt, horns 2
a: no special abilities


You were on level 3 of the Dungeon.
You were not hungry.

You visited 1 branch of the dungeon, and saw 3 of its levels.

You collected 120 gold pieces.

Inventory:

Hand weapons
 a - a +0 flail (weapon)
Armour
 b - a +0 scale mail (worn)
 c - a +0 shield (worn)
 o - a +0 cloak (worn)
Magical devices
 r - a wand of digging (5)
Comestibles
 d - 2 bread rations
 j - 2 slices of pizza
 k - 2 beef jerkies
Scrolls
 h - 2 scrolls of remove curse {unknown}
 i - 5 scrolls of identify {unknown}
 l - a scroll of random uselessness {unknown}
 q - a scroll of teleportation {unknown}
 s - a scroll of enchant armour {unknown}
 t - a scroll of noise {unknown}
Potions
 e - 2 potions of might
 f - a potion of agility {unknown}
 g - a potion of cure mutation {unknown}
 m - a potion of mutation {unknown}
 n - 2 potions of curing {unknown}


   Skills:
 - Level 3.6 Fighting
 + Level 5.0 Maces & Flails
 - Level 3.6 Armour
 - Level 3.6 Shields


You had 2 spell levels left.
You didn't know any spells.

Dungeon Overview and Level Annotations

Branches:
Dungeon (3/15)

Altars:
Vehumet


Innate Abilities, Weirdness & Mutations

You reflexively headbutt those who attack you in melee.
You have a pair of horns on your head.


Message History

You are too injured to fight recklessly!
You are too injured to fight recklessly!
You are too injured to fight recklessly!
You are too injured to fight recklessly!
You are too injured to fight recklessly!
You are too injured to fight recklessly!
You are too injured to fight recklessly!
You are too injured to fight recklessly!
You are too injured to fight recklessly!
You are too injured to fight recklessly!
You are too injured to fight recklessly!
You are too injured to fight recklessly!
You closely miss the gnoll.
The gnoll is lightly wounded.
The gnoll completely misses you. You furiously retaliate!
You headbutt the gnoll! The gnoll closely misses you.
You hit the gnoll. Your headbutt misses the gnoll.
The gnoll is almost dead.
The gnoll hits you with a flail.
You die...

#.
#.r#####
#.ggg@.#
#..g##.#
#...>
#.########
#.##
#.##.....#
#
#.##.###.#
#.#..# #.#
#.#.####.#
#.....)..#
###.######


You could see 4 gnolls and a rat.

Vanquished Creatures
  Ijyb (D:2)
  3 giant geckos
  7 hobgoblins
  3 bats
  A giant newt (D:1)
  9 goblins
  6 kobolds
  5 rats
35 creatures vanquished.

Notes
Turn   | Place    | Note
--------------------------------------------------------------
     0 | D:1      | Goblin1989, the Minotaur Fighter, began the quest for the Orb.
     0 | D:1      | Reached XP level 1. HP: 19/19 MP: 1/1
     2 | D:1      | Noticed an ogre
     2 | D:1      | Noticed a vampire
     4 | D:1      | Noticed a ghoul
     6 | D:1      | Noticed a formicid
     8 | D:1      | Noticed an octopode
     8 | D:1      | Noticed a demonspawn
    10 | D:1      | Noticed a merfolk
    10 | D:1      | Noticed a naga
    12 | D:1      | Noticed a troll
    14 | D:1      | Noticed a minotaur
    14 | D:1      | Noticed a felid
    16 | D:1      | Noticed a gargoyle
    18 | D:1      | Noticed a dwarf
    18 | D:1      | Noticed a draconian
    20 | D:1      | Noticed a spriggan
    20 | D:1      | Noticed an elf
    22 | D:1      | Noticed a centaur
    22 | D:1      | Noticed a vine stalker
    24 | D:1      | Noticed a demigod
    26 | D:1      | Noticed a human
    26 | D:1      | Noticed a tengu
   338 | D:1      | Reached XP level 2. HP: 26/26 MP: 1/1
   619 | D:1      | Reached skill level 4 in Maces & Flails
   733 | D:1      | Reached XP level 3. HP: 28/31 MP: 2/2
  1248 | D:2      | Found a radiant altar of Vehumet.
  1248 | D:2      | Noticed Ijyb
  1252 | D:2      | Killed Ijyb
  1252 | D:2      | Reached skill level 5 in Maces & Flails
  1581 | D:3      | HP: 1/31 [gnoll/halberd (10)]
  1583 | D:3      | Slain by a gnoll

Action                   || total
-------------------------++-------
Melee: Flail             ||    86
Evoke: Wand              ||     1
  Eat: Meat ration       ||     1
